 Dungeon Crawl Stone Soup version 0.22-a0-259-gdd11e71 (webtiles) character file.

1258 nikopol the Magician (level 8, -2/43 HPs)
             Began as a Deep Elf Fire Elementalist on Mar 4, 2018.
             Slain by a wyvern (14 damage)
             ... on level 6 of the Dungeon on Mar 5, 2018.
             The game lasted 00:17:18 (6586 turns).

nikopol the Magician (Deep Elf Fire Elementalist)   Turns: 6586, Time: 00:17:19

Health: -2/43      AC:  3    Str:  5    XL:     8   Next: 27%
Magic:  13/21      EV: 13    Int: 23    God:
Gold:   304        SH:  0    Dex: 15    Spells: 7/22 levels left

rFire    . . .     SeeInvis .   x - staff of air
rCold    . . .     Gourm    .   (no shield)
rNeg     . . .     Faith    .   a - +0 robe
rPois    .         Spirit   .   u - +0 helmet
rElec    +         Reflect  .   (no cloak)
rCorr    .         Harm     .   (no gloves)
MR       .....                  (no boots)
Stlth    +++.......             v - amulet of the acrobat
HPRegen  0.14/turn              (no ring)
MPRegen  0.17/turn              (no ring)

@: no status effects
A: no striking features
a: no special abilities


You were on level 6 of the Dungeon.
You were not hungry.

You visited 2 branches of the dungeon, and saw 7 of its levels.

You collected 304 gold pieces.

Inventory:

Armour
 a - a +0 robe (worn)
 u - a +0 helmet (worn)
Magical Staves
 x - an uncursed staff of air (weapon)
Jewellery
 v - an amulet of the acrobat (around neck)
Wands
 y - a wand of digging (5)
Scrolls
 b - 3 scrolls of immolation {unknown}
 d - 4 scrolls of remove curse {unknown}
 e - 3 scrolls of amnesia {unknown}
 g - 2 scrolls of teleportation {unknown}
 k - a scroll of enchant armour {unknown}
 m - 2 scrolls of enchant weapon {unknown}
 n - 2 scrolls of noise {unknown}
 r - 3 scrolls of identify {unknown}
 t - a scroll of magic mapping {unknown}
 w - 3 scrolls of fear {unknown}
Potions
 f - a potion of ambrosia {unknown}
 h - 2 potions of mutation {unknown}
 i - a potion of flight {unknown}
 j - 2 potions of agility {unknown}
 l - 2 potions of magic {unknown}
 o - 4 potions of curing {unknown}
 p - a potion of resistance {unknown}
 q - 2 potions of brilliance {unknown}
 s - a potion of cancellation {unknown}
 z - a potion of haste {unknown}
 A - a potion of might {unknown}
 C - a potion of heal wounds {unknown}
Comestibles
 c - 11 rations
 B - 4 chunks of flesh


   Skills:
 + Level 1.0 Fighting
 + Level 0.2 Staves
 + Level 3.2 Dodging
 + Level 4.2 Stealth
 + Level 7.7 Spellcasting
 + Level 5.3 Conjurations
 + Level 7.0 Fire Magic


You had 7 spell levels left.
You knew the following spells:

 Your Spells              Type           Power        Failure   Level  Hunger
a - Flame Tongue          Conj/Fire      #####        1%          1    None
b - Throw Flame           Conj/Fire      #####.       1%          2    None
c - Conjure Flame         Conj/Fire      #####...     1%          3    None
d - Sticky Flame          Conj/Fire      #####...     5%          4    ###....
e - Fireball              Conj/Fire      #####.....   16%         5    #####..


Dungeon Overview and Level Annotations

Branches:
Dungeon (6/15)             Temple (1/1) D:4

Altars:
Ashenzari
Cheibriados
Elyvilon
Fedhas
Gozag
Hepliaklqana
Kikubaaqudgha
Makhleb
Nemelex Xobeh
Okawaru
Qazlal
Ru
Trog
Uskayaw
Vehumet
Wu Jian
Xom
Yredelemnul
Zin
The Shining One


Message History

Aim: a wyvern (lightly wounded)
The flame tongue misses the wyvern.
The wyvern bites you!
Casting: Flame Tongue (safe; 1% risk of failure)
Confirm with . or Enter, or press ? or * to list all spells.
Aiming: Sticky Flame (safe; 5% risk of failure)
Press: ? - help, Shift-Dir - straight line, f/p - wyvern
Aim: a wyvern (lightly wounded)
The sticky flame hits the wyvern.
The wyvern is moderately wounded.
The wyvern is covered in liquid flames!
The wyvern burns!
The wyvern bites you!
* * * LOW HITPOINT WARNING * * *
Casting: Sticky Flame (safe; 5% risk of failure)
Confirm with . or Enter, or press ? or * to list all spells.
Aiming: Throw Flame (safe; 1% risk of failure)
Press: ? - help, Shift-Dir - straight line, f/p - wyvern
Aim: a wyvern (severely wounded, covered in liquid flames)
The puff of flame hits the wyvern.
The wyvern is almost dead.
The wyvern burns!
The wyvern bites you!
You die...

.............#
............>################
....#######.................#
#...# ##.############.###
#...# #.# ######## #.#
...########### #......# #.#
............. #.####.# #.#
.....#######. #.# #.# #.#
.....'....... #@# #.# #.#
.....######## #.l..#.###.###
.....# ####.#.......# ...###
######### ##.# #.# ##.#
##.####### ##........


You could see a wyvern (burning).

Vanquished Creatures
  Eustachio (D:6)
  2 phantoms (D:4)
  A sky beast (D:6)
  2 ogres
  2 howler monkeys (D:4)
  A hound (D:6)
  2 jellies (D:5)
  6 orc wizards
  3 orc priests (D:4)
  A centaur skeleton (D:4)
  2 worker ants (D:6)
  A hound skeleton (D:3)
  A worker ant zombie (D:5)
  4 adders
  A shadow imp (D:5)
  3 oozes
  A worm (D:3)
  A dart slug (D:1)
  2 leopard geckos (D:1)
  21 orcs
  7 giant cockroaches
  2 goblins (D:1)
  4 hobgoblins
  7 jackals
  A quokka (D:4)
  2 ball pythons
  3 bats
  A frilled lizard (D:4)
  2 goblin skeletons (D:5)
  A goblin zombie (D:5)
  4 kobolds
  3 kobold skeletons (D:5)
  An orc skeleton (D:5)
  An orc zombie (D:5)
  3 rats
100 creatures vanquished.

Notes
Turn   | Place    | Note
-------+----------+-------------------------------------------
     0 | D:1      | nikopol the Deep Elf Fire Elementalist began the quest for the Orb.
     0 | D:1      | Reached XP level 1. HP: 10/10 MP: 6/6
   134 | D:1      | Reached XP level 2. HP: 15/15 MP: 6/8
   144 | D:1      | Learned a level 2 spell: Throw Flame
  1009 | D:2      | Reached XP level 3. HP: 17/19 MP: 5/9
  1016 | D:2      | Learned a level 3 spell: Conjure Flame
  1394 | D:2      | Found an ancient bone altar of Kikubaaqudgha.
  1394 | D:2      | Found a blossoming altar of Fedhas.
  2423 | D:3      | Reached XP level 4. HP: 17/24 MP: 4/11
  2536 | D:3      | Upgraded the game from 0.22-a0-254-gaf95ca0 to 0.22-a0-259-gdd11e71
  2645 | D:3      | Noticed an ogre
  2661 | D:3      | Learned a level 4 spell: Sticky Flame
  3029 | D:3      | Killed an ogre
  3029 | D:3      | Reached skill level 5 in Fire Magic
  3029 | D:3      | Reached XP level 5. HP: 28/28 MP: 3/13
  3141 | D:3      | Found a basalt altar of Yredelemnul.
  3143 | D:3      | Found a glowing silver altar of Zin.
  3312 | D:4      | Noticed an ogre
  3405 | D:4      | Killed an ogre
  3405 | D:4      | Reached skill level 5 in Spellcasting
  3405 | D:4      | Reached XP level 6. HP: 33/33 MP: 4/15
  3412 | D:4      | Learned a level 5 spell: Fireball
  3513 | D:4      | Found a staircase to the Ecumenical Temple.
  3755 | D:4      | Reached XP level 7. HP: 13/37 MP: 5/17
  4343 | D:4      | Found a shimmering altar of Xom.
  4433 | Temple   | Entered the Ecumenical Temple
  5195 | D:5      | Entered Level 5 of the Dungeon
  5296 | D:5      | Found a glowing golden altar of the Shining One.
  6222 | D:6      | Found a radiant altar of Vehumet.
  6390 | D:6      | Reached XP level 8. HP: 42/42 MP: 15/20
  6445 | D:6      | Reached skill level 1 in Fighting
  6445 | D:6      | Reached skill level 5 in Conjurations
  6496 | D:6      | Noticed Eustachio
  6501 | D:6      | Killed Eustachio
  6586 | D:6      | Slain by a wyvern

Vault maps used:
D:1:      lightli_arrival_farm
D:2:      grunt_temple_overflow_growth_and_decay
D:3:      gammafunk_temple_overflow_pools
D:4:      xom_teletrap_fun, minmay_temple_entry_hall, feat_on_display
D:5:      nicolae_tso_besieged_by_evil, first_ration
D:6:      basic_altar, uniq_eustachio
Temple:   eino_temple_water

Skill      XL: |  1  2  3  4  5  6  7  8 |
---------------+-------------------------+-----
Stealth        | 3 4 |  4.2
Fire Magic     | 4 5 6 7 |  7.0
Spellcasting   | 4 5 7 |  7.7
Conjurations   | 2 3 4 5 |  5.3
Dodging        | 3 |  3.2
Fighting       | 1 |  1.0
Staves         | |  0.2

Action                   |  1- 3 |  4- 6 |  7- 9 || total
-------------------------+-------+-------+-------++-------
Melee: Staff             |       |       |     1 ||     1
 Cast: Flame Tongue      |    75 |    66 |    95 ||   236
       Throw Flame       |       |     9 |     5 ||    14
       Conjure Flame     |       |     3 |     1 ||     4
       Sticky Flame      |       |     1 |     7 ||     8
  Eat: Chunk             |     1 |     4 |     6 ||    11
       Ration            |     1 |       |     1 ||     2
Armor: Robe              |    12 |     3 |     3 ||    18
Dodge: Dodged            |    50 |     9 |     9 ||    68

Table legend:
 A = Spawn XP
 B = Non-spawn XP
 C = Spawn XP percentage of total XP
 D = Spawn monster count
 E = Non-spawn monster count
 F = Spawn count percentage of total count
 G = Total turns spent on level
                    A         B        C        D         E        F      G
               +---------+---------+-------+---------+---------+-------+---------
         Total |       0 |    1798 |   0.0 |       0 |     100 |   0.0 |  6586
               +---------+---------+-------+---------+---------+-------+---------
           D:1 |       0 |      27 |   0.0 |       0 |      15 |   0.0 |   844
           D:2 |       0 |      40 |   0.0 |       0 |      13 |   0.0 |  1502
           D:3 |       0 |     237 |   0.0 |       0 |      15 |   0.0 |   860
           D:4 |       0 |     917 |   0.0 |       0 |      36 |   0.0 |  1758
           D:5 |       0 |     139 |   0.0 |       0 |      15 |   0.0 |   988
           D:6 |       0 |     438 |   0.0 |       0 |       6 |   0.0 |   400
               +---------+---------+-------+---------+---------+-------+---------
